 Dungeon Crawl Stone Soup version 0.25-a0-420-g1cc7eeb0d1 (webtiles) character file.

Game seed: 3877871696454402821, levelgen mode: deterministic

1905 Flubbersnuff the Cleaver (level 8, -6/109 HPs)
             Began as a Minotaur Berserker on Jan 19, 2020.
             Was an Elder of Trog.
             Mangled by a white ugly thing (8 damage)
             ... on level 6 of the Dungeon.
             The game lasted 00:26:36 (5671 turns).

Flubbersnuff the Cleaver (Minotaur Berserker)       Turns: 5671, Time: 00:26:37

Health: -6/109     AC: 10    Str: 28    XL:     8   Next: 94%
Magic:  7/7        EV: 11    Int:  4    God:    Trog [****..]
Gold:   317        SH:  0    Dex: 11    Spells: 7/7 levels left

rFire    . . .     SeeInvis .   u - +0 war axe
rCold    . . .     Gourm    .   (no shield)
rNeg     . . .     Faith    .   t - +0 chain mail
rPois    .         Spirit   .   (helmet restricted)
rElec    .         Reflect  .   (no cloak)
rCorr    .         Harm     .   (no gloves)
MR       .....                  (no boots)
Stlth    ..........             (no amulet)
HPRegen  0.28/turn              (no ring)
MPRegen  0.10/turn              (no ring)

@: berserking, very quick
A: retaliatory headbutt, horns 2
a: Berserk, Trog's Hand, Brothers in Arms, Renounce Religion


You were on level 6 of the Dungeon.
You worshipped Trog.
Trog was greatly pleased with you.
You were hungry.

You visited 1 branch of the dungeon, and saw 6 of its levels.
You also visited: Ossuary.

You collected 317 gold pieces.

Inventory:

Hand Weapons
 u - a +0 war axe (weapon)
Armour
 t - a +0 chain mail (worn)
Jewellery
 l - a cursed amulet of inaccuracy {unknown}
 r - an uncursed ring of protection from cold {unknown}
Scrolls
 d - a scroll of enchant weapon {unknown}
 g - 12 scrolls of identify {unknown}
 j - 2 scrolls of amnesia {unknown}
 k - a scroll of random uselessness {unknown}
 m - 2 scrolls of enchant armour {unknown}
 n - 2 scrolls of blinking {unknown}
 o - 3 scrolls of teleportation {unknown}
 p - a scroll of magic mapping {unknown}
 w - 2 scrolls of immolation {unknown}
 x - a scroll of remove curse {unknown}
 y - a scroll of noise {unknown}
 A - 3 scrolls of holy word {unknown}
Potions
 a - 2 potions of berserk rage {unknown}
 b - a potion of magic {unknown}
 e - 2 potions of heal wounds {unknown}
 f - a potion of brilliance {unknown}
 h - 2 potions of degeneration {unknown}
 i - 2 potions of agility {unknown}
 q - 2 potions of resistance {unknown}
 s - 2 potions of curing {unknown}
 v - 2 potions of mutation {unknown}
 z - a potion of lignification {unknown}
 B - 2 potions of haste {unknown}
 C - a potion of might {unknown}
Comestibles
 c - 12 rations
 D - a chunk of flesh


   Skills:
 + Level 7.3 Fighting
 * Level 9.5 Axes
 + Level 6.6 Armour
 + Level 6.0 Dodging


You had 7 spell levels left.
You didn't know any spells.
Your spell library was empty.

Dungeon Overview and Level Annotations

Branches:
Dungeon (6/15)            Ossuary (visited)
 Temple: D:4-7

Altars:
Dithmenos
Fedhas
Gozag
Kikubaaqudgha
Ru
Xom
The Shining One


Innate Abilities, Weirdness & Mutations

You reflexively headbutt those who attack you in melee.
You have a pair of horns on your head.


Message History

The orc hits you but does no damage.
You closely miss the orc.
The orc is severely wounded.
You closely miss the orc warrior. You slice the white ugly thing!!
The orc warrior hits you with a +0 war axe!!
* * * LOW HITPOINT WARNING * * *
The white ugly thing claws you but does no damage.
You closely miss the orc.
The orc is severely wounded.
You closely miss the orc warrior. You slice the white ugly thing!!
The orc hits you but does no damage.
You slash the white ugly thing!
The white ugly thing is almost dead.
You hit the orc.
You kill the orc!
Trog accepts your kill.
You closely miss the orc warrior. The orc warrior closely misses you.
You furiously retaliate!
You headbutt the orc warrior. The white ugly thing claws you!
You die...

#..<........)..
#####..########
#..########
#.......... #
#####
#.######### #..
...# #.#
....####.### #.#
#.....)o...###.#
#.....u@.......#
#.#!####.#.#####
#.#.# #.#.# ####
#.#.# #... #....
##### #....
#.#.# #....
#'#'# .#.##
#.'..


You could see a white ugly thing and an orc warrior.

Vanquished Creatures
  Sigmund (D:2)
  Menkaure (D:5)
  A phantom (D:5)
  5 ogres
  2 scorpions
  2 crimson imps (D:5)
  3 centaur zombies (Ossuary)
  A bullfrog zombie (D:5)
  2 hounds (D:6)
  3 orc priests (D:4)
  3 human skeletons (D:6)
  Jessica (D:2)
  2 iguanas
  3 orc wizards
  Natasha (thrice) (D:2)
  2 big kobold zombies (Ossuary)
  A hound zombie (D:4)
  6 mummies (Ossuary)
  A hound skeleton (D:4)
  Robin (D:2)
  8 adders
  An ooze (D:6)
  An adder zombie (D:6)
  4 dart slugs
  4 leopard geckos
  26 orcs
  4 giant cockroaches
  14 goblins
  8 hobgoblins (D:2)
  4 jackals (D:4)
  6 kobolds
  2 quokkas
  7 bats
  3 frilled lizards
  3 hobgoblin zombies (Ossuary)
  2 orc skeletons (D:6)
  An orc zombie (D:6)
  8 rats
150 creatures vanquished.

Notes
Turn   | Place    | Note
-------+----------+-------------------------------------------
     0 | D:1      | Flubbersnuff the Minotaur Berserker began the quest for the
                  | Orb.
     0 | D:1      | Reached XP level 1. HP: 19/19 MP: 0/0
   202 | D:1      | Reached XP level 2. HP: 20/27 MP: 1/1
   472 | D:1      | Reached skill level 4 in Axes
   991 | D:1      | Reached XP level 3. HP: 30/33 MP: 2/2
  1242 | D:2      | Noticed Jessica
  1356 | D:1      | Reached ** piety under Trog
  1581 | D:2      | Killed Jessica
  1581 | D:2      | Reached XP level 4. HP: 40/40 MP: 3/3
  1637 | D:2      | Noticed Natasha
  1645 | D:2      | Killed Natasha
  1774 | D:2      | Found a blossoming altar of Fedhas.
  1828 | D:2      | Noticed Robin
  1833 | D:2      | Reached skill level 5 in Axes
  1840 | D:2      | Noticed Sigmund
  1842 | D:2      | Killed Robin
  1848 | D:2      | Killed Sigmund
  1848 | D:2      | Reached XP level 5. HP: 21/47 MP: 4/4
  1848 | D:2      | Reached XP level 6. HP: 25/55 MP: 5/5
  2103 | D:2      | Noticed Natasha
  2111 | D:2      | Killed Natasha
  2111 | D:2      | Reached skill level 5 in Fighting
  2138 | D:2      | Noticed Natasha
  2148 | D:2      | Killed Natasha
  2148 | D:2      | Reached skill level 6 in Axes
  2343 | D:3      | Reached *** piety under Trog
  3100 | D:3      | Found a glowing golden altar of the Shining One.
  3249 | D:4      | Reached XP level 7. HP: 61/61 MP: 6/6
  3313 | D:4      | Found an ancient bone altar of Kikubaaqudgha.
  3534 | D:4      | Reached skill level 7 in Axes
  3540 | D:4      | Reached **** piety under Trog
  3612 | D:4      | Reached skill level 5 in Armour
  3921 | D:4      | Found a shadowy altar of Dithmenos.
  3921 | D:4      | Found a shimmering altar of Xom.
  4010 | D:5      | Entered Level 5 of the Dungeon
  4464 | D:5      | Found a sacrificial altar of Ru.
  4470 | D:5      | Reached XP level 8. HP: 70/70 MP: 7/7
  4618 | D:5      | Noticed Menkaure
  4619 | D:5      | Reached skill level 8 in Axes
  4619 | D:5      | Reached skill level 5 in Dodging
  4624 | D:5      | Killed Menkaure
  4664 | D:5      | Found an opulent altar of Gozag.
  5262 | D:6      | Found a sand-covered staircase.
  5271 | D:6      | Reached skill level 9 in Axes
  5275 | Ossuary  | Entered an ossuary
  5660 | D:6      | Noticed a white ugly thing
  5669 | D:6      | HP: 2/109 [orc warrior/+0 war axe (20)]
  5671 | D:6      | Mangled by a white ugly thing

Levels and vault maps discovered:
D:1:      wander_arrival_desolate, layout_basic, serial_forest,
          infiniplex_forest_lined_corner, infiniplex_forest_lined_corner,
          infiniplex_forest_end_double, infiniplex_forest_straight_2,
          infiniplex_forest_straight_2, infiniplex_forest_clump_curved,
          infiniplex_forest_lined_1, infiniplex_forest_lined_ring, minivault_24
D:2:      layout_rooms, fedhas_altar_4, uniq_natasha, uniq_sigmund, uniq_robin,
          uniq_jessica
D:3:      layout_rooms, lemuel_crystal_altar, first_ration,
          kennysheep_cross_room
D:4:      layout_gridville, lemuel_round_altar, gammafunk_temple_overflow_statue
D:5:      layout_basic, nicolae_gozag_cash_rules_everything_around_me,
          hangedman_ru_absence, uniq_menkaure
D:6:      layout_loops_ring, marbit_many_paths, nicolae_ossuary_entry_catacombs,
          uniq_duvessa

Skill      XL: |  1  2  3  4  5  6  7  8 |
---------------+-------------------------+-----
Axes           | 4 5 6 7 9 |  9.5
Fighting       | 4 5 6 7 |  7.3
Armour         | 3 4 5 6 |  6.6
Dodging        | 3 4 6 |  6.0

Action                   |  1- 3 |  4- 6 |  7- 9 || total
-------------------------+-------+-------+-------++-------
Melee: Hand axe          |    70 |    96 |    17 ||   183
       Headbutt          |     7 |    15 |    39 ||    61
       War axe           |       |       |   179 ||   179
Invok: Berserk           |     1 |     3 |     2 ||     6
  Eat: Chunk             |     2 |     9 |     9 ||    20
Armor: Animal skin       |    15 |     6 |       ||    21
       Chain mail        |       |     8 |   103 ||   111
Dodge: Dodged            |    49 |    40 |    72 ||   161

Table legend:
 A = Non-vault XP
 B = Vault XP
 C = Vault XP percentage of total XP
 D = Non-vault monster count
 E = Vault monster count
 F = Vault count percentage of total count
                 A         B        C        D         E       F
            +---------+---------+-------+---------+---------+-------
      Total |    1805 |     917 |  33.7 |     114 |      36 |  24.0
            +---------+---------+-------+---------+---------+-------
        D:1 |      52 |       0 |   0.0 |      29 |       0 |   0.0
        D:2 |     102 |     321 |  75.9 |      13 |      15 |  53.6
        D:3 |     124 |       0 |   0.0 |      20 |       0 |   0.0
        D:4 |     530 |       0 |   0.0 |      27 |       0 |   0.0
        D:5 |     623 |     172 |  21.6 |      12 |       1 |   7.7
        D:6 |     374 |     118 |  24.0 |      13 |       6 |  31.6
    Ossuary |       0 |     306 | 100.0 |       0 |      14 | 100.0
            +---------+---------+-------+---------+---------+-------
